[Event "Late-Titled-Tuesday-Blitz-April-23-2024"]
[Site "Chess.com"]
[Date "2024.04.23"]
[Round "9"]
[White "zverr1"]
[Black "Orest_Vovk"]
[Result "1-0"]
[WhiteElo "2471"]
[BlackElo "2559"]
[TimeControl "180+1"]
[EndTime "15:47:02 PDT"]
[Termination "zverr1 won by resignation"]

1. e4 g5 2. d4 g4 3. Nc3 Bg7 4. Bc4 h5 5. Be3 d6 6. Nge2 c6 7. a4 Qa5 8. Qd2 b5 9. Nxb5 Qxd2+ 10. Kxd2 cxb5 11. Bd5 b4 12. a5 Nf6 13. Bxa8 Kd8 14.
f3 Kc7 15. d5 Na6 16. Nd4 Nc5 17. Bc6 e5 18. Nb5+ Kb8 19. Nxd6 Nfd7 20. Nf5 Bf6 21.
h3 gxf3 22. gxf3 b3 23. c3 Nb7 24. Bxb7 Bxb7 25. a6 Bc8 26. Ra3 Nb6 27. Rxb3 Kc7 28. Bxb6+ axb6 29. Ra3 Rg8 30. a7 Bb7 31. d6+ Kc6 32.
Ne7+ Bxe7 33. dxe7 Kd7 34. Ke3 Kxe7 35. Rd1 Ba8 36.
c4 Rg2 37. b4 Rb2 38. b5 Rc2 39. Kd3 Rf2 40. Ke3 Rc2 41. Ra4 Rc3+ 42. Kf2 h4 43. Rd5 Rc2+ 44. Ke3 f6 45. Rd3 Rh2 46. Ra6 Rxh3 47.
Rxb6 Rh1 48. Rb8 h3 49. Rxa8 h2 50. Rh8 Ra1 51. Rxh2 Rxa7 52. Rh7+ Ke6 53. Rxa7 f5 54. Ra6+ Ke7 55. exf5 e4 56. Kxe4 1-0

[Event "Late-Titled-Tuesday-Blitz-April-23-2024"]
[Site "Chess.com"]
[Date "2024.04.23"]
[Round "9"]
[White "Zampronha1971"]
[Black "Bilan_Danila"]
[Result "1-0"]
[WhiteElo "2470"]
[BlackElo "2555"]
[TimeControl "180+1"]
[EndTime "15:47:03 PDT"]
[Termination "Zampronha1971 won by resignation"]

1. e4 c6 2. d4 d5 3. e5 c5 4. Nf3 Nc6 5. c4 e6 6. cxd5 exd5 7. Nc3 Be6 8. Bb5 a6 9. Bxc6+ bxc6 10.
O-O h6 11. h3 c4 12. b3 Bb4 13. Na4 Ne7 14. Bd2 a5 15. bxc4 dxc4 16. a3 Bxd2 17. Qxd2 Bd5 18. Nc3 Bxf3 19. gxf3 Nd5 20.
Nxd5 cxd5 21. Rab1 O-O 22. Rb5 Ra6 23. Kh2 f6 24. Rg1 fxe5 25. dxe5 d4 26. Rb7 Rf7 27.
Rxf7 Kxf7 28. Qf4+ Kg8 29. Qg4 g5 30. h4 d3 31. hxg5 Rg6 32. Qxc4+ Kh8 33. f4 d2 34. Qe2 hxg5 35. fxg5 Rxg5 36. Rxg5 d1=Q 37. Rh5+ Kg7 38.
Rg5+ Kf7 39. Qc4+ Q1d5 40. e6+ Qxe6 41. Rg7+ Kxg7 42. Qxe6 Qh4+ 43. Kg2 Qg5+ 44. Kf3 Qc5 45. Qg4+ Kf7 46. a4 Qc6+ 47. Qe4 Qc3+ 48. Kg2 Kg7 49. Qg4+ Kf6 50. Qf3+ Qxf3+ 51. Kxf3 Ke5 52. Ke3 Kd5 53. f4 Kd6 54. Ke4 Ke6 55. Kd4 Kd6 56. Kc4 Kc6 57. f5 Kd6 58. Kb5 1-0

[Event "Late-Titled-Tuesday-Blitz-April-23-2024"]
[Site "Chess.com"]
[Date "2024.04.23"]
[Round "9"]
[White "Russian_berezka"]
[Black "venturov"]
[Result "0-1"]
[WhiteElo "2618"]
[BlackElo "2523"]
[TimeControl "180+1"]
[EndTime "15:47:09 PDT"]
[Termination "venturov won on time"]

1. d4 Nf6 2. c4 d6 3. Nf3 g6 4.
Nc3 Nbd7 5. e4 e5 6. Be2 Bg7 7. O-O O-O 8. Be3 Re8 9. d5 Nh5 10. Re1 Nf4 11. Bf1 Nf6 12. h3 b6 13. b4 a5 14. a3 h6 15. c5 g5 16. cxb6 cxb6 17. Nh2 Bd7 18. Nb5 Bf8 19. Rc1 axb4 20. axb4 Nxe4 21.
Nc7 Bf5 22. Nxe8 Qxe8 23. Qf3 Ra3 24. Ra1 Rxa1 25. Rxa1 Bg6 26. Bc4 b5 27. Bb3 Bg7 28. g3 Nxh3+ 29. Kg2 Nf4+ 30. gxf4 exf4 31. Re1 fxe3 32.
Qxe3 Qe5 33. Nf3 Qf5 34. Kf1 Qh3+ 35. Ke2 f5 36. Nd4 Bh5+ 37. f3 Qg2+ 38. Kd3 Nf2+ 39. Kc2 Bxf3 40. Qxf3 Qxf3 41. Nxf3 Ne4 42. Kd3 g4 43. Nd4 h5 44. Nxf5 Nf2+ 45. Ke2 Ne4 46. Nxd6 Nxd6 47. Rc1 Be5 48. Rc7 h4 49. Re7 Bg3 50.
Re6 h3 51. Rg6+ Kf7 52. Rxg4 h2 53. Rxg3 h1=Q 54. Rf3+ Ke7 55. Re3+ Kd7 56. Re6 Qg2+ 57. Kd1 Nc4 58. Bxc4 bxc4 59. b5 Qxd5+ 0-1

[Event "Late-Titled-Tuesday-Blitz-April-23-2024"]
[Site "Chess.com"]
[Date "2024.04.23"]
[Round "9"]
[White "Rud_Makarian"]
[Black "DanielDardha2005"]
[Result "0-1"]
[WhiteElo "3035"]
[BlackElo "2867"]
[TimeControl "180+1"]
[EndTime "15:47:13 PDT"]
[Termination "DanielDardha2005 won on time"]

1. d4 Nf6 2. c4 d6 3. Nf3 Nbd7 4.
Nc3 e5 5. e4 g6 6. Be2 Bg7 7. O-O O-O 8. Be3 Qe7 9. d5 a5 10. Nd2 Ne8 11. a3 f5 12. f3 f4 13.
Bf2 g5 14. b4 h5 15. c5 axb4 16. axb4 Rxa1 17. Qxa1 dxc5 18. bxc5 Nxc5 19. Nb5 b6 20. Rc1 Nd6 21. Bxc5 bxc5 22. Qa5 Nxb5 23. Qxb5 g4 24.
Qxc5 Qh4 25. Qxc7 g3 26. Nf1 gxh2+ 27. Nxh2 Qg5 28. d6 Bh3 29. Bf1 Rc8 30. Qxc8+ Bxc8 31. Rxc8+ Kh7 32. d7 Bf6 33. Re8 Bd8 34. Kh1 Bb6 35. Re6 Bc7 36. Bc4 Qh4 37. Rc6 Qe1+ 38. Nf1 Bd8 39. Kg1 Kg7 40. Ba6 Qd1 41. Bb5 h4 42. Rc8 Bb6+ 43. Kh2 Qd4 44. Kh3 Qg1 45. d8=Q Bxd8 46. Rxd8 Qh1+ 47. Nh2 Qb1 48. Rd5 Kf6 49. Ng4+ Kg6 50. Rxe5 Qe1 51. Kh2 h3 52. gxh3 Qg3+ 53. Kh1 Qxf3+ 54. Kg1 Qg3+ 55. Kh1 Qe1+ 56. Kg2 Qg3+ 57. Kh1 Qxh3+ 58. Nh2 Qc3 59. Rf5 Qe1+ 0-1

[Event "Late-Titled-Tuesday-Blitz-April-23-2024"]
[Site "Chess.com"]
[Date "2024.04.23"]
[Round "9"]
[White "wild3000"]
[Black "Pig-filth"]
[Result "1-0"]
[WhiteElo "2425"]
[BlackElo "2261"]
[TimeControl "180+1"]
[EndTime "15:47:17 PDT"]
[Termination "wild3000 won on time"]

1. b4 Nf6 2. Bb2 c6 3. c4 d5 4. c5 Bf5 5. Nf3 h6 6. d4 Nbd7 7. a4 g5 8. h4 g4 9. Ne5 Bg7 10. Nd2 h5 11. e3 Qc7 12. Nxd7 Nxd7 13. g3 e5 14. Bg2 exd4 15. exd4 O-O 16. O-O Rfe8 17. Ra3 a5 18. Qb3 axb4 19. Qxb4 Re2 20. Bc1 b6 21. cxb6 Nxb6 22. a5 Nd7 23. Nb3 Ree8 24.
Bf4 Qa7 25. Rc1 Rac8 26. a6 Bd3 27. Qb7 Ra8 28. Qxa7 Rxa7 29. Be3 Bb5 30. Nc5 Nxc5 31. Rxc5 Rea8 32. Bxd5 Rxa6 33. Rxa6 Rxa6 34. Be4 Ra1+ 35. Kh2 Ra6 36. Rxh5 Be2 37. Rc5 Bb5 38. h5 Bf8 39. Rg5+ Kh8 40. Rxg4 Be7 41. Bf4 Bf6 42. Be5 Bxe5 43.
dxe5 c5 44. Bd5 Be8 45. Rc4 Rh6 46. g4 f6 47. exf6 Rxf6 48. Kg3 Bd7 49. Rxc5 Ra6 50.
f3 Kg7 51. Be4 Kf7 52. Rc7 Ke7 53. Rc5 Rd6 54. Rd5 Kd8 55. Rxd6 1-0

[Event "Late-Titled-Tuesday-Blitz-April-23-2024"]
[Site "Chess.com"]
[Date "2024.04.23"]
[Round "9"]
[White "rasmussvane"]
[Black "DamianoLew95"]
[Result "1-0"]
[WhiteElo "2958"]
[BlackElo "2754"]
[TimeControl "180+1"]
[EndTime "15:47:19 PDT"]
[Termination "rasmussvane won by resignation"]

1. Nf3 Nf6 2. g3 d5 3. Bg2 c5 4. O-O Nc6 5. d4 e6 6. c4 dxc4 7. Qa4 Bd7 8. Qxc4 b5 9. Qc3 Nd5 10.
Qd2 cxd4 11. Nxd4 Nxd4 12. Qxd4 Qb6 13. Qxb6 axb6 14. Nc3 Bc6 15. Nxd5 Bxd5 16. Bxd5 exd5 17. Rd1 O-O-O 18. Be3 Kb7 19. Rd3 Bc5 20. Rad1 Bxe3 21. Rxe3 Rd7 22. Rd4 Ra8 23. a3 Ra4 24. b4 Ra8 25.
Red3 Kc6 26. f3 Rad8 27. Kf2 Rd6 28. h4 R8d7 29. Rc3+ Kb7 30. Rcd3 Kc6 31. Ke1 Re7 32. Kd2 Red7 33. h5 h6 34. Rg4 f6 35. Rgd4 Re7 36.
e3 Rdd7 37. Ke2 Rd6 38. Kf2 Rde6 39. Rxd5 Rxe3 40. Rd6+ Kc7 41. Rxe3 Kxd6 42. Rd3+ Kc6 43. g4 Re5 44. Kg3 Kc7 45. Kf4 Kc8 46. Rd1 Kc7 47. Rd4 Kc8 48. Re4 Rd5 49. Re7 Rd7 50. Re6 Kc7 51. Kf5 Rd3 52. f4 Rf3 53. Re7+ Kd6 54. Rxg7 Rxa3 55. Rg6 Rb3 56. Rxf6+ Kd5 57. Rxh6 Rxb4 58.
Rxb6 Kc5 59. Rb8 Rb1 60. h6 Rh1 61. g5 b4 62. Kg6 Kc4 63. h7 b3 64. h8=Q Rxh8 65. Rxh8 Kc3 66. Rb8 1-0

[Event "Late-Titled-Tuesday-Blitz-April-23-2024"]
[Site "Chess.com"]
[Date "2024.04.23"]
[Round "9"]
[White "maurovargas01"]
[Black "protectiago"]
[Result "0-1"]
[WhiteElo "1926"]
[BlackElo "2075"]
[TimeControl "180+1"]
[EndTime "15:47:21 PDT"]
[Termination "protectiago won by checkmate"]

1. e4 e5 2. Nf3 Nc6 3. d4 exd4 4. Bc4 Bc5 5. c3 Nf6 6. e5 d5 7. Bb5 Ne4 8. cxd4 Bb6 9. O-O O-O 10. a4 Bg4 11. Bxc6 bxc6 12. a5 Bxd4 13. Qxd4 c5 14. Qd1 Rb8 15. Nc3 Bxf3 16. Qxf3 Rb3 17. Qf4 Nxc3 18.
bxc3 Rxc3 19. Ra3 Rc4 20. Qg3 Re8 21. Bh6 g6 22. h3 Qe7 23. Re1 Qh4 24. Qxh4 Rxh4 25.
Bg5 Rd4 26. Bf6 c4 27. e6 Rd3 28. Rxd3 cxd3 29. exf7+ Kxf7 30. Rxe8 Kxe8 31. Bc3 c5 32. Kf1 Kd7 33. Ke1 Kc6 34. Kd2 c4 35. Bd4 Kb5 36.
Bxa7 Kxa5 37. Bd4 Kb5 38. g4 Kb4 39. Bc3+ Kc5 40. Be5 d4 41. f4 Kd5 42. Bf6 Ke4 43.
Be5 c3+ 44. Kc1 Ke3 45. f5 Ke2 46. Bxd4 d2+ 47. Kc2 d1=Q+ 48. Kxc3 Qd3+ 49. Kb4 Qxd4+ 50. Kb5 gxf5 51. gxf5 Qe5+ 52. Kc6 Qxf5 53. h4 Qh5 54. Kd6 Qxh4 55. Ke5 Qg4 56. Kd6 h5 57. Ke5 h4 58.
Kd5 h3 59. Ke5 h2 60. Kf6 h1=Q 61. Ke5 Qhh5+ 62. Kf6 Qgg6+ 63. Ke7 Qhh7+ 64. Kd8 Qgg8# 0-1

[Event "Late-Titled-Tuesday-Blitz-April-23-2024"]
[Site "Chess.com"]
[Date "2024.04.23"]
[Round "9"]
[White "VojtechPlat"]
[Black "SpeedofLight0"]
[Result "0-1"]
[WhiteElo "2869"]
[BlackElo "3054"]
[TimeControl "180+1"]
[EndTime "15:47:24 PDT"]
[Termination "SpeedofLight0 won by resignation"]

1. e4 Nc6 2. Nf3 d6 3. d4 Nf6 4.
Nc3 g6 5. Be2 Bg7 6. O-O O-O 7.
h3 e5 8. Be3 exd4 9. Nxd4 Re8 10. Nxc6 bxc6 11. Bf3 Rb8 12. Rb1 a5 13. Qd2 Nd7 14.
Rfe1 Ne5 15. Be2 Be6 16. b3 Qf6 17. Na4 c5 18. Qxa5 Qe7 19. Qd2 Nc6 20. Nc3 Nd4 21. Nd5 Qd7 22. Bxd4 cxd4 23. Bf1 f5 24. Nf4 Bh6 25.
g3 c5 26. exf5 Bxf5 27. Bg2 Rf8 28. h4 Bxf4 29. gxf4 Bh3 30. Bf3 Qd8 31. Bd5+ Kh8 32. Qd3 Bf5 33. Qg3 Bxc2 34. Rbc1 d3 35. Re6 Rf6 36. Qe3 Rxe6 37. Bxe6 Qe7 38. Re1 Re8 39. Qd2 Qf6 40. Bc4 Rxe1+ 41. Qxe1 Qxf4 42. Qe8+ Kg7 43.
Qe7+ Kh6 44. Bg8 Qg4+ 45. Kh2 Qf4+ 46. Kg1 Kh5 47. Qxh7+ Kg4 48. Qxg6+ Kf3 49. Qh5+ Qg4+ 50. Qxg4+ Kxg4 51. Bh7 Bb1 52. Kf1 d2 53. Ke2 Bxh7 54. Kxd2 Kxh4 55. a4 Kg5 56. a5 Be4 57. Kc3 Kf5 58.
b4 cxb4+ 59. Kxb4 Bb7 60. Kc4 Ke5 61. f4+ Kxf4 62. a6 Bc6 63. Kd4 Kf5 64. a7 Ke6 65. Kc4 Ke5 0-1

[Event "Late-Titled-Tuesday-Blitz-April-23-2024"]
[Site "Chess.com"]
[Date "2024.04.23"]
[Round "9"]
[White "Korchmar_Vasiliy"]
[Black "rhungaski"]
[Result "0-1"]
[WhiteElo "2693"]
[BlackElo "2532"]
[TimeControl "180+1"]
[EndTime "15:47:25 PDT"]
[Termination "rhungaski won by resignation"]

1. d4 g6 2. c4 Bg7 3. Nc3 c5 4.
d5 Bxc3+ 5. bxc3 f5 6. e4 fxe4 7. f3 Nf6 8. fxe4 e5 9. dxe6 Nxe4 10. Bd3 Qh4+ 11. g3 Nxg3 12. Nf3 Qh3 13. Rg1 Nf5 14. exd7+ Bxd7 15. Qe2+ Ne7 16. Rg3 Qe6 17. Be4 Nbc6 18. Bg5 O-O 19. O-O-O Kg7 20. h4 Rf7 21. h5 Nf5 22.
Rg2 Re8 23. hxg6 hxg6 24. Re1 Na5 25. Nh4 Nxh4 26. Bxh4 Qxe4 27. Qxe4 Rxe4 28. Rxe4 Bc6 29. Rge2 Bxe4 30. Rxe4 Rf5 31. Re7+ Rf7 32. Re4 b6 33. Bg3 g5 34. Kd2 Kg6 35. Bb8 Kf5 36. Re5+ Kg6 37. Re6+ Kh5 38. Re8 Nxc4+ 39. Kd3 Na5 40. Rh8+ Kg4 41. Rg8 Kf5 42. Kc2 Nc6 43. Bg3 Ne5 44. Kb3 Nf3 45. Kc4 Kg4 46. Bb8 Nd2+ 47. Kb5 Ne4 48. c4 Rf2 49. a4 Rb2+ 50. Kc6 Rb4 51. Bxa7 Rxa4 52. Bxb6 Rxc4 53. Kd5 Rb4 54. Ke5 Rxb6 55.
Kxe4 c4 56. Kd4 Rc6 57. Kc3 Kf4 58. Rf8+ Kg3 59. Rg8 g4 60. Rf8 Kg2 61. Rg8 g3 62.
Rf8 Rc7 63. Rg8 Kf2 64. Rf8+ Kg1 65. Rg8 g2 66. Rf8 Rc5 67. Rg8 Rf5 68. Rg7 Kf2 0-1

[Event "Late-Titled-Tuesday-Blitz-April-23-2024"]
[Site "Chess.com"]
[Date "2024.04.23"]
[Round "9"]
[White "m_ezat"]
[Black "Nemsko"]
[Result "1-0"]
[WhiteElo "2615"]
[BlackElo "2448"]
[TimeControl "180+1"]
[EndTime "15:47:26 PDT"]
[Termination "m_ezat won by resignation"]

1. e4 c5 2. d4 cxd4 3. c3 d3 4. Nf3 d6 5. Bxd3 Nf6 6. Bc4 e6 7. O-O Be7 8. Qe2 O-O 9. Rd1 Qc7 10. Bf4 e5 11. Bg5 Be6 12. Na3 a6 13. Rd2 b5 14.
Bxe6 fxe6 15. Rad1 Nbd7 16. Nc2 Nc5 17. Bxf6 Rxf6 18.
Nb4 Rf4 19. Nd3 Rxe4 20. Qf1 Nxd3 21. Rxd3 Rf4 22. g3 Rf5 23. Qh3 e4 24. Nd4 exd3 25. Nxe6 Qc4 26. Qxf5 Bf6 27. b3 Qxc3 28. Qd5 Ra7 29.
Ng5+ Kh8 30. Nf7+ Kg8 31. Nxd6+ Kf8 32. Rxd3 Qe1+ 33. Kg2 Qe5 34. Qxe5 Bxe5 35. Rf3+ Kg8 36. Nf5 g6 37. Nh6+ Kg7 38. Ng4 Bd4 39. Rd3 Bc5 40. Rd5 Rc7 41. Ne5 Be7 42. Rd7 Rxd7 43. Nxd7 a5 44. Ne5 a4 45. Nc6 Bd6 46. Nd4 axb3 47.
axb3 b4 48. Kf3 Bc5 49. Ke4 Kf6 50. Kd5 Bf8 51. Nc6 Kf5 52. f3 g5 53. Nd4+ Kf6 54.
Ne6 Be7 55. Nc7 h5 56. Ke4 g4 57. Nd5+ Ke6 58. fxg4 hxg4 59. Nxe7 Kxe7 60. Kf4 Kd6 61. Kxg4 Kd5 62. Kf5 Kd4 63. g4 Kc3 64. g5 Kxb3 65.
g6 Kc2 66. g7 b3 67. g8=Q b2 68. Qg2+ Kb3 69. Qd5+ Kc2 70. Qe4+ Kc1 71. Qc4+ Kb1 72. Ke4 Ka1 73. Qa4+ Kb1 74. Kd3 1-0

[Event "Late-Titled-Tuesday-Blitz-April-23-2024"]
[Site "Chess.com"]
[Date "2024.04.23"]
[Round "9"]
[White "WoolworthsManly"]
[Black "Brahianzevich"]
[Result "0-1"]
[WhiteElo "2657"]
[BlackElo "2480"]
[TimeControl "180+1"]
[EndTime "15:47:34 PDT"]
[Termination "Brahianzevich won by resignation"]

1. e4 c5 2. Nf3 d6 3. d4 cxd4 4. Nxd4 Nf6 5. Nc3 a6 6. Bg5 e6 7. Qf3 Be7 8. O-O-O Qa5 9. h4 Nbd7 10. Kb1 h6 11. Bd2 Qc7 12. g4 Ne5 13. Qg3 Nexg4 14. f3 Ne5 15. Qxg7 Rg8 16. Qxh6 b5 17. Qe3 Bb7 18.
Be2 Nc4 19. Bxc4 Qxc4 20. Rdg1 O-O-O 21. Rxg8 Rxg8 22. h5 d5 23. e5 Nd7 24. h6 Qc7 25. h7 Rh8 26. f4 Nb6 27. b3 Bc5 28. Nce2 Nd7 29. Qg3 Qd8 30. Qg7 Qf8 31. Qg5 Be7 32. Qg3 Nc5 33. f5 Ne4 34. Qd3 Nf2 35. Qc3+ Kb8 36.
Rh2 Ne4 37. Qd3 Nxd2+ 38. Qxd2 Qg7 39. f6 Bxf6 40. exf6 Qxf6 41. Qf4+ Qxf4 42. Nxf4 e5 43. Nf3 exf4 44. Ng5 f3 45. Rf2 d4 46. Rd2 f6 47.
Ne6 Rxh7 48. Nxd4 Rh1+ 49. Kb2 Rf1 50. Nf5 Re1 51. Rf2 Re2 52. Rf1 Be4 53. Nd4 Rg2 54. Nxf3 Rxc2+ 55. Ka3 a5 56. Nd4 b4+ 57. Ka4 Rxa2+ 58.
Kb5 Bd3+ 59. Kb6 Bxf1 60. Nc6+ Kc8 61. Nxa5 Kd7 62. Nb7 Ra6+ 63. Kc5 Rc6+ 64. Kd5 Bg2+ 65. Kd4 Rd6+ 66. Kc5 Bxb7 67. Kxb4 f5 68. Kc3 f4 0-1

[Event "Late-Titled-Tuesday-Blitz-April-23-2024"]
[Site "Chess.com"]
[Date "2024.04.23"]
[Round "9"]
[White "nihalsarin"]
[Black "Hikaru"]
[Result "1/2-1/2"]
[WhiteElo "3148"]
[BlackElo "3315"]
[TimeControl "180+1"]
[EndTime "15:47:39 PDT"]
[Termination "Game drawn by stalemate"]

1. e4 e5 2. Nf3 Nc6 3. Bb5 Nf6 4.
d3 Bc5 5. Bg5 Nd4 6. Nxd4 Bxd4 7.
c3 Bb6 8. Nd2 c6 9. Ba4 h6 10.
Bh4 O-O 11. O-O d5 12. Re1 Bc7 13. h3 Be6 14. Bb3 Re8 15. Qf3 g5 16. Bg3 d4 17.
Bxe6 Rxe6 18. cxd4 exd4 19. Bxc7 Qxc7 20. Nb3 Qe5 21.
Rac1 b6 22. Nd2 Nd7 23. Qg4 Qf4 24. Qxf4 gxf4 25. Nf3 c5 26. b4 cxb4 27. Nxd4 Rd6 28. Nc6 Rxd3 29. Nxb4 Rd2 30. Red1 Rxd1+ 31. Rxd1 Ne5 32.
Nd5 f3 33. gxf3 Nxf3+ 34. Kg2 Ng5 35. e5 Kg7 36. f4 Ne6 37. f5 Nc5 38. Kf3 Rd8 39.
Rg1+ Kf8 40. Nf6 Ke7 41. Ng8+ Kf8 42. Nxh6 Rd3+ 43. Kf4 Rd4+ 44. Kf3 Rd3+ 45. Ke2 Rxh3 46. Rg8+ Ke7 47. f6+ Ke6 48. Re8+ Kd5 49. Nxf7 Ne6 50. Re7 Ra3 51. Kf2 Rxa2+ 52. Kf3 Nd4+ 53. Kf4 Rf2+ 54. Kg3 Rf1 55. Rd7+ Ke4 56. Kg4 Rg1+ 57. Kh3 Ne6 58.
Re7 Kf5 59. Nd6+ Kxe5 60. f7 Rf1 61. Nc4+ Kd5 62. Ne3+ Kd6 63. Rxe6+ Kxe6 64. Nxf1 Kxf7 65. Kg4 Ke6 66. Kf4 Kd5 67. Ke3 Kc4 68. Kd2 Kb3 69.
Kc1 Ka2 70. Nd2 b5 71. Ne4 b4 72. Nc5 a5 73. Kc2 Ka3 74. Kb1 b3 75. Nxb3 Kxb3 76. Ka1 a4 77. Kb1 a3 78. Ka1 a2 1/2-1/2

[Event "Late-Titled-Tuesday-Blitz-April-23-2024"]
[Site "Chess.com"]
[Date "2024.04.23"]
[Round "9"]
[White "vi_pranav"]
[Black "TheSilmarils"]
[Result "1/2-1/2"]
[WhiteElo "3075"]
[BlackElo "2977"]
[TimeControl "180+1"]
[EndTime "15:47:41 PDT"]
[Termination "Game drawn by repetition"]

1. e4 c6 2. d4 d5 3. e5 Bf5 4.
Nf3 e6 5. Be2 Nd7 6. O-O Ne7 7.
c3 c5 8. dxc5 Nxc5 9. Nd4 a6 10.
Nd2 Bg6 11. N2b3 Nf5 12. Nxf5 Bxf5 13. Be3 Nd7 14. f4 Rc8 15. Bd3 Bxd3 16. Qxd3 Bc5 17. Nd4 O-O 18. Rae1 Bxd4 19. Bxd4 Nc5 20. Qh3 Ne4 21.
f5 exf5 22. Rxf5 Qd7 23. Ref1 Rc6 24. Qe3 b5 25. h4 Rh6 26. h5 Re6 27. Qh3 h6 28.
Qg4 Ng5 29. Be3 Rxe5 30. Bxg5 hxg5 31. Qxg5 Rxf5 32. Rxf5 f6 33. Qg6 Qe6 34. Kh2 Qd6+ 35. Kh1 Qe6 36. Kh2 Qe1 37. Qg4 Qe4 38. Qh3 Re8 39. h6 Re5 40. hxg7 Kxg7 41. Qg3+ Kf7 42. Rf1 Qh7+ 43. Kg1 Qe4 44. Qh3 Qe3+ 45. Qxe3 Rxe3 46.
Rd1 Ke6 47. Kf2 Re5 48. Rd3 Re4 49. Rh3 b4 50. cxb4 Rxb4 51. b3 a5 52. Rc3 a4 53.
bxa4 Rxa4 54. a3 d4 55. Rb3 Kd5 56. Ke2 Kc4 57. Rf3 Ra6 58. Kd2 Rb6 59. Kc2 Re6 60.
Kd2 Rb6 61. Kc2 Ra6 62. Rb3 Re6 63. Rb4+ Kc5 64. Kd2 Re3 65. Ra4 Rg3 66. Ra6 Rxg2+ 67. Kd3 Rg3+ 68. Kd2 f5 69. Ra5+ Kc4 70. Rxf5 Rg2+ 71.
Kd1 Kc3 72. Rc5+ Kd3 73. Kc1 Rg1+ 74. Kb2 Ke3 75. Rh5 d3 76. Rh3+ Ke2 77. Rh2+ Ke3 78. Rh3+ Ke4 79. Rh4+ Ke3 80. Rh3+ 1/2-1/2

[Event "Late-Titled-Tuesday-Blitz-April-23-2024"]
[Site "Chess.com"]
[Date "2024.04.23"]
[Round "9"]
[White "sergoy"]
[Black "ellatambien"]
[Result "1-0"]
[WhiteElo "2943"]
[BlackElo "2733"]
[TimeControl "180+1"]
[EndTime "15:47:44 PDT"]
[Termination "sergoy won by resignation"]

1. d4 Nf6 2. c4 e6 3. Nf3 d5 4.
Nc3 Bb4 5. Qa4+ Nc6 6. e3 O-O 7. Qc2 dxc4 8. Bxc4 Bd6 9. h3 e5 10. O-O exd4 11. exd4 h6 12. a3 Ne7 13. Ne5 c6 14. Qb3 Ned5 15. Re1 Bc7 16. Bd2 Be6 17. Qxb7 Rb8 18.
Qxc6 Rxb2 19. Nxd5 Nxd5 20. Rad1 Rc2 21. Qa4 Rb2 22. Qxa7 Bd6 23. Qa5 Qxa5 24. Bxa5 Bxa3 25. Bd3 Rc8 26. Nc4 Rb3 27. Bf1 Bb4 28. Bxb4 Rxb4 29. Ne3 Rd8 30. Rd2 Rd7 31. Rc1 g6 32. g3 Nf6 33. Rcd1 Ne4 34. Rd3 Ng5 35. d5 Bxh3 36. Bxh3 Nxh3+ 37. Kg2 Ng5 38. Rd4 Rxd4 39. Rxd4 Ne6 40.
Rc4 Nc7 41. Rc5 Kf8 42. Kf3 Ke7 43. Ke4 Ne8 44. Kd4 Nd6 45. g4 Ra7 46. Ke5 f6+ 47.
Kf4 Ra4+ 48. Kf3 Ra7 49. Rc6 Rb7 50. Kf4 Ra7 51. Kg3 Rb7 52. f3 Ra7 53. Ng2 g5 54. Ne3 Rb7 55. Kf2 Ra7 56. Ke2 Ra2+ 57. Kd3 Ra3+ 58. Ke2 Ra2+ 59. Kd3 Ra7 60. Kd4 Ra4+ 61. Kc5 Ra5+ 62. Kb4 Ra7 63. Nf5+ Nxf5 64. gxf5 Ra1 65. Re6+ Kf7 66. d6 Rd1 67. Kc5 h5 68. Kc6 g4 69. fxg4 hxg4 70. d7 Rc1+ 71. Kb7 Rd1 72. Kc8 g3 73. d8=Q Rxd8+ 74. Kxd8 Kg7 75. Re3 1-0

[Event "Late-Titled-Tuesday-Blitz-April-23-2024"]
[Site "Chess.com"]
[Date "2024.04.23"]
[Round "9"]
[White "andrew-blr"]
[Black "alexrustemov"]
[Result "0-1"]
[WhiteElo "2637"]
[BlackElo "2852"]
[TimeControl "180+1"]
[EndTime "15:47:57 PDT"]
[Termination "alexrustemov won by checkmate"]

1. d4 d5 2. c4 dxc4 3. e3 Nf6 4. Bxc4 e6 5. Nf3 c5 6. O-O a6 7. Qe2 b5 8. Bb3 Bb7 9. Rd1 Nbd7 10. a4 Qb8 11. axb5 axb5 12. Rxa8 Bxa8 13. Nc3 b4 14. Na4 Be7 15. Nxc5 Bxc5 16. dxc5 Nxc5 17. Bc4 O-O 18. Nd4 Rd8 19. f3 Bd5 20. Bd2 Qb7 21. Rc1 Qb6 22.
Be1 h6 23. Bf2 Bxc4 24. Qxc4 Na4 25. Qb3 Nc5 26. Qc2 Ncd7 27. e4 Qa6 28. Qc4 Qa4 29. Nc6 Ra8 30. h4 b3 31. Qxa4 Rxa4 32. Rc3 Ra1+ 33. Kh2 Ra6 34. Nd8 Ne5 35. Rc8 Kh7 36.
Bd4 Nfd7 37. Rc7 f6 38. f4 Ng4+ 39. Kg3 Rd6 40. Bc3 h5 41. Kf3 Rd3+ 42. Ke2 Re3+ 43. Kd2 Nf8 44. Rf7 Kg8 45. Re7 Rg3 46. Nxe6 Nxe6 47.
Rxe6 Rxg2+ 48. Kd3 Kf7 49. Rb6 Rh2 50. Rxb3 Rxh4 51.
f5 Rh3+ 52. Kc4 h4 53. Rb8 g6 54. fxg6+ Kxg6 55. Rg8+ Kh5 56. b4 Rg3 57. b5 Ne5+ 58. Bxe5 Rxg8 59. Bd6 Rc8+ 60. Kd5 Rd8 61. b6 h3 62. Kc6 Rxd6+ 63. Kxd6 h2 64. e5 h1=Q 65.
exf6 Kg6 66. Kc7 Qc1+ 67. Kb8 Qb2 68. b7 Kxf6 69. Ka8 Qa3+ 70. Kb8 Ke7 71. Kc7 Qc5+ 72. Kb8 Kd7 73. Ka8 Qa5+ 74. Kb8 Kc6 75. Kc8 Qc7# 0-1

[Event "Late-Titled-Tuesday-Blitz-April-23-2024"]
[Site "Chess.com"]
[Date "2024.04.23"]
[Round "9"]
[White "NikitaShnadrygin"]
[Black "PavlovDanila"]
[Result "0-1"]
[WhiteElo "2708"]
[BlackElo "2622"]
[TimeControl "180+1"]
[EndTime "15:48:04 PDT"]
[Termination "PavlovDanila won by resignation"]

1. Nf3 g6 2. d4 Bg7 3. g3 d6 4.
Bg2 Nf6 5. O-O O-O 6. b3 Nc6 7. Bb2 e5 8. dxe5 Nd7 9. c4 dxe5 10.
Nfd2 f5 11. Nc3 e4 12. Qc1 Nc5 13. Nd5 Nd4 14. Re1 c6 15. Nf4 Qe7 16. e3 Nde6 17. Bxg7 Qxg7 18. Qc2 Nxf4 19. exf4 Be6 20. Rad1 Rad8 21.
Nb1 Nd3 22. Re3 Nb4 23. Qe2 Qf6 24. a3 Rxd1+ 25. Qxd1 Rd8 26. Qc1 Nd3 27. Qc3 Kf7 28. f3 Qxc3 29. Nxc3 exf3 30. Bxf3 Nc5 31. b4 Nd3 32.
Bd5 Nxf4 33. gxf4 cxd5 34. cxd5 Bxd5 35. Rd3 Ke6 36. Kf2 Rd7 37. Re3+ Kf6 38. Rd3 Bc6 39. Rxd7 Bxd7 40. Ke3 Ke6 41. Kd4 b6 42. Nd5 Bc6 43. Ne3 h6 44. h4 Kf6 45. Nc4 g5 46. hxg5+ hxg5 47. fxg5+ Kxg5 48. Ne5 Bb7 49. Nf7+ Kg4 50. Nd6 Bg2 51. Ke3 f4+ 52. Kf2 Bc6 53. Nc8 Bd7 54. Nd6 f3 55. Ne4 Kf4 56. Nc3 Bc6 57.
a4 Ke5 58. Ke3 f2 59. Kxf2 Kd4 60. Ne2+ Kc4 61. b5 Bd7 62. Nf4 Kb4 63. Ke3 Kxa4 64. Kd4 Kxb5 65. Kc3 a5 66. Nd3 Be6 67. Nf4 Bf7 68. Nd3 a4 69. Ne5 Bd5 70. Nd7 a3 71. Nxb6 Kxb6 72. Kc2 Ba2 73. Kc3 Kb5 74. Kc2 Kc4 75.
Kd2 Kb3 76. Kc1 Kc3 0-1

[Event "Late-Titled-Tuesday-Blitz-April-23-2024"]
[Site "Chess.com"]
[Date "2024.04.23"]
[Round "9"]
[White "Aygehovit1992"]
[Black "MKlose11"]
[Result "1-0"]
[WhiteElo "2727"]
[BlackElo "2613"]
[TimeControl "180+1"]
[EndTime "15:48:17 PDT"]
[Termination "Aygehovit1992 won by resignation"]

1. e4 e6 2. d4 d5 3. Nc3 Bb4 4. Ne2 dxe4 5. a3 Bxc3+ 6. Nxc3 Nc6 7. d5 exd5 8. Qxd5 Be6 9. Qxe4 Nf6 10. Qh4 Qd4 11.
Bg5 Qxh4 12. Bxh4 Nd5 13. Nxd5 Bxd5 14. O-O-O Be6 15. Bb5 O-O 16. Rhe1 a6 17. Bxc6 bxc6 18. Bg3 Rfc8 19. Re5 Bd5 20. f3 Kf8 21. Bf2 Re8 22. Bc5+ Kg8 23. Rde1 Rxe5 24. Rxe5 Be6 25. b3 Rd8 26. c4 h6 27. Kc2 Kh7 28. Be3 Kg6 29. g4 Kf6 30. Ra5 Bc8 31. Rc5 Bb7 32. Bf4 Rd7 33. h4 Ke7 34. h5 f6 35. Rf5 Kf7 36.
Be3 Re7 37. Kd3 Rd7+ 38. Kc3 Re7 39. Bc5 Re1 40. Rf4 Bc8 41. Rd4 Rf1 42. Rd3 f5 43. gxf5 Bxf5 44. Re3 Be6 45. Kb4 Rh1 46. Re5 Rh3 47.
Ka5 Rxf3 48. Re3 Rf5 49. b4 Bxc4 50. Re7+ Kf6 51. Rxc7 Rxh5 52. Rxc6+ Kf7 53. Rc7+ Kg8 54. Kb6 Rh3 55. Bd4 g5 56. Rxc4 Rxa3 57. Rc6 Kh7 58. Kb7 h5 59. Rxa6 Rb3 60. Bc5 h4 61. Kc6 g4 62. b5 h3 63. Ra7+ Kg6 64. Bd6 g3 65. Ra8 g2 66. Rg8+ Kh7 67. Rg4 Rc3+ 68. Kd7 Rc1 69.
Bh2 Rh1 70. b6 Rxh2 71. b7 g1=Q 72. Rxg1 Rb2 73. Kc7 Kh6 74. Rh1 Rc2+ 75. Kd8 Rd2+ 76. Kc8 Rc2+ 77. Kb8 h2 78. Ka7 Ra2+ 79. Kb6 Rb2+ 80.
Kc7 Rc2+ 81. Kd7 Rd2+ 82. Ke7 Re2+ 83. Kf7 Rf2+ 84. Kg8 Rg2+ 85. Kh8 Rc2 86. Rxh2+ Rxh2 87. b8=Q Kg5+ 88. Qxh2 1-0